 Dungeon Crawl Stone Soup version 0.16.2-12-gd0ad4c3 (webtiles) character file.

3689 Kloppie the Spear-Bearer (level 9, -10/89 HPs)
             Began as a Minotaur Berserker on Oct 30, 2015.
             Was a Priest of Trog.
             Mangled by an orc
             ... wielding a +0 halberd
              (11 damage)
             ... in a bailey.
             The game lasted 00:15:42 (7549 turns).

Kloppie the Spear-Bearer (Minotaur Berserker)       Turns: 7549, Time: 00:15:44

Health: -10/89     AC: 10    Str: 21    XL:     9   Next: 90%
Magic:  4/4        EV: 10    Int:  4    God:    Trog [***...]
Gold:   544        SH:  0    Dex: 14    Spells: 0 memorised, 8 levels left

rFire  + . .     SeeInvis .     b - +4 glaive
rCold  . . .     Clarity  .     z - +0 chain mail
rNeg   + . .     SustAb   .     (no shield)
rPois  .         Gourm    .     m - +0 hat
rElec  .         Spirit   .     (no cloak)
rCorr  .         Warding  +     (no gloves)
rMut   .         Stasis   .     (no boots)
MR     .....                    t - amulet of warding
Stlth  ..........               (no ring)
                                d - ring of protection from fire

@: exhausted, slowed, very slow, not resistant to hostile enchantments,
extremely unstealthy
A: retaliatory headbutt, horns 2
a: Burn Spellbooks, Berserk, Trog's Hand, Renounce Religion


You were in a bailey.
You worshipped Trog.
Trog was most pleased with you.
You were very hungry.

You visited 1 branch of the dungeon, and saw 8 of its levels.
You also visited: Ossuary and Bailey.

You collected 544 gold pieces.

Inventory:

Hand weapons
 a - a cursed +1 trident
 b - a +4 glaive (weapon)
Armour
 m - a +0 hat (worn)
 z - a +0 chain mail (worn)
Jewellery
 d - a ring of protection from fire (left hand)
 t - an amulet of warding (around neck)
 y - an uncursed amulet of stasis
Magical devices
 g - a wand of heal wounds (2)
 r - a wand of lightning (8)
 w - a wand of draining (12)
 A - a wand of polymorph (8)
 E - a wand of slowing (32)
Scrolls
 e - 7 scrolls of identify
 k - a scroll of magic mapping
 l - a scroll of remove curse
 o - 4 scrolls of teleportation
 p - a scroll of holy word {unknown}
 v - 2 scrolls of noise {unknown}
 F - a scroll of fear {unknown}
Potions
 f - 2 potions of lignification
 h - 2 potions of agility {unknown}
 i - 2 potions of poison {unknown}
 j - 5 potions of curing
 n - 3 potions of brilliance
 q - a potion of cancellation
 s - 3 potions of might
 u - a potion of magic {unknown}
 x - a potion of haste {unknown}
 C - 3 potions of restore abilities {unknown}
 D - 4 potions of berserk rage {unknown}
 H - a potion of beneficial mutation {unknown}
 I - a potion of heal wounds {unknown}
Comestibles
 c - 9 bread rations
 B - a royal jelly
 G - 15 chunks of flesh


   Skills:
 - Level 11.0 Fighting
 - Level 11.0 Polearms
 + Level 6.4 Armour
 + Level 5.7 Dodging


You had 8 spell levels left.
You didn't know any spells.

Dungeon Overview and Level Annotations

Branches:
Dungeon (8/15)             Temple (0/1) D:6
   Lair: D:8-11

Altars:
Cheibriados
Ru

Annotations:
D:8 Psyche


Innate Abilities, Weirdness & Mutations

You reflexively headbutt those who attack you in melee.
You have a pair of horns on your head.


Message History

The orc knight is almost dead.
You are no longer berserk.
You are exhausted.
You feel yourself slow down.
You are feeling very hungry.
The orc barely misses you. The orc misses you.
The orc knight hits you with a glaive!!
* * * LOW HITPOINT WARNING * * *
The orc hits you but does no damage. The orc hits you with a halberd.
* * * LOW HITPOINT WARNING * * *
The orc barely misses you.
There is an open door, spattered with blood here.
Items here: ))) ††† You closely miss the orc knight.
The orc knight is almost dead.
The orc closely misses you. The orc knight hits you with a glaive!!
* * * LOW HITPOINT WARNING * * *
The orc hits you but does no damage.
The orc hits you from afar with a halberd!
You die...

############ #######
##.∩........## ##.....#####
#..))........######.......#...
#...)........#o...#.......'...
#∩.)).......(@oo..).......'...
#.)))........#oo..#)......'...
#...)........######...o...#...
##.∩........## ##.....#####
############ #######


You could see an orc knight and 4 orcs.

Vanquished Creatures
  The ghost of Kloppie the Fighter, an experienced MiBe of Trog (Bailey)
  The ghost of Gravoth the Covert, an experienced KoHu (Ossuary)
  Prince Ribbit (D:5)
  A spriggan (D:7)
  Menkaure (D:5)
  A sky beast (D:5)
  3 orc warriors (Bailey)
  2 ogres
  2 centaurs
  An elf zombie (Ossuary)
  2 giant frogs
  4 wights (D:7)
  A goliath beetle (D:7)
  2 crimson imps
  2 human zombies (Ossuary)
  3 orc priests
  3 jellies
  6 worker ants
  A centaur skeleton (D:6)
  3 orc wizards (D:5)
  2 iguanas (D:6)
  2 big kobold zombies (Ossuary)
  Ijyb (D:5)
  3 hound zombies
  A hound skeleton (D:6)
  4 mummies (Ossuary)
  10 adders
  7 gnolls
  A shadow imp (D:6)
  5 worms
  2 adder skeletons (D:6)
  2 adder zombies
  2 giant geckos
  An ooze (D:4)
  47 orcs
  4 ball pythons
  8 bats
  4 giant cockroaches
  14 goblins
  9 hobgoblins
  9 kobolds
  2 quokkas (D:3)
  4 giant newts
  A hobgoblin zombie (Ossuary)
  A jackal zombie (Ossuary)
  2 orc zombies (Ossuary)
  5 rats
  A rat zombie (Ossuary)
195 creatures vanquished.

Vanquished Creatures (others)
  A black bear (Bailey)
  A giant spore (D:6)
2 creatures vanquished.

Grand Total: 197 creatures vanquished

Notes
Turn   | Place    | Note
--------------------------------------------------------------
     0 | D:1      | Kloppie, the Minotaur Berserker, began the quest for the Orb.
     0 | D:1      | Reached XP level 1. HP: 19/19 MP: 1/1
   143 | D:1      | Reached skill level 4 in Polearms
   214 | D:1      | Reached XP level 2. HP: 21/27 MP: 1/1
   729 | D:2      | Reached XP level 3. HP: 29/34 MP: 2/2
   837 | D:2      | Acquired Trog's second power
  1261 | D:3      | Reached skill level 5 in Polearms
  1326 | D:3      | Reached XP level 4. HP: 29/41 MP: 2/2
  1478 | D:3      | Found a sacrificial altar of Ru.
  1780 | D:4      | Noticed an ogre
  1786 | D:3      | Reached skill level 5 in Fighting
  1841 | D:3      | Killed an ogre
  1841 | D:3      | Reached XP level 5. HP: 25/49 MP: 2/2
  2158 | D:4      | Reached skill level 6 in Fighting
  2682 | D:4      | Reached XP level 6. HP: 46/57 MP: 3/3
  3170 | D:5      | Entered Level 5 of the Dungeon
  3566 | D:5      | Noticed Menkaure
  3571 | D:5      | Killed Menkaure
  3571 | D:5      | Reached skill level 7 in Polearms
  3592 | D:5      | Noticed Ijyb
  3611 | D:5      | Killed Ijyb
  3808 | D:5      | Reached XP level 7. HP: 66/66 MP: 3/3
  4358 | D:5      | Reached skill level 8 in Fighting
  4362 | D:5      | Noticed Prince Ribbit
  4369 | D:5      | Killed Prince Ribbit
  4369 | D:5      | Reached XP level 8. HP: 75/75 MP: 3/3
  4634 | D:6      | Reached skill level 9 in Polearms
  5179 | D:6      | Found a staircase to the Ecumenical Temple.
  5814 | D:7      | Found a sand-covered staircase.
  5817 | D:7      | Reached skill level 10 in Polearms
  5834 | Ossuary  | Entered an ossuary
  5859 | Ossuary  | Noticed Gravoth's ghost (experienced KoHu)
  5874 | Ossuary  | Killed Gravoth's ghost
  5874 | Ossuary  | Reached skill level 10 in Fighting
  5874 | Ossuary  | Reached XP level 9. HP: 61/86 MP: 4/4
  5898 | Ossuary  | HP: 4/86 [human zombie (2)]
  6494 | D:7      | Found a snail-covered altar of Cheibriados.
  6510 | D:7      | Reached skill level 11 in Polearms
  7063 | D:8      | Noticed Psyche
  7085 | D:8      | Found a flagged portal.
  7087 | D:8      | Acquired Trog's third power
  7096 | Bailey   | Entered a bailey
  7215 | Bailey   | Noticed Kloppie's ghost (experienced MiBe)
  7236 | Bailey   | Killed Kloppie's ghost
  7236 | Bailey   | Reached skill level 5 in Dodging
  7500 | Bailey   | Noticed an orc knight
  7534 | Bailey   | Received a gift from Trog
  7549 | Bailey   | HP: 1/89 [orc knight/glaive (29)]
  7549 | Bailey   | Mangled by an orc

Action                   |  1- 3 |  4- 6 |  7- 9 || total
-------------------------+-------+-------+-------++-------
Melee: Spear             |    95 |   106 |       ||   201
       Trident           |       |    75 |   123 ||   198
       Halberd           |       |       |   220 ||   220
       Glaive            |       |       |    19 ||    19
Invok: Berserk           |       |     3 |     6 ||     9
       Trog's Hand       |       |     1 |     5 ||     6
       Brothers in Arms  |       |       |     1 ||     1
  Use: Scroll            |       |       |    13 ||    13
 Stab: Sleeping          |       |     2 |       ||     2
  Eat: Chunk             |       |    10 |    14 ||    24
       Pizza             |       |     1 |       ||     1
       Meat ration       |       |       |     1 ||     1
